Map: Baie de réparation EC

Players

Kigllor

  • Race: Terran Terran
  • League: Gold
  • Spawn Location: 7:00

zidar - Winner!

  • Race: Zerg Zerg
  • Spawn Location: 1:00

VOD

Have the link to the VOD?

Description

Time

  • Played on: July 24, 2017, 11:21 a.m.
  • Length: 17:17
Show
View Real Time Build Order
Export as new Build Order

Kigllor Terran 

Build Orders:  

Get SALT Encoding   

  12  0:04  SCV  
  13  0:16  SCV  
  13  0:19  Supply Depot  
  14  0:28  SCV  
  15  0:40  SCV  
  15  0:41  Barracks  
  16  0:50  Refinery  
  16  0:53  SCV  
  17  1:05  SCV  
  17  1:08  Supply Depot  
  18  1:27  Orbital Command  
  18  1:28  Marine  
  18  1:30  Supply Depot  
  19  1:51  Barracks  
  19  1:54  SCV  
  20  2:08  Marine  
  20  2:11  SCV  
  21  2:28  Barracks Tech Lab  
  21  2:29  Command Center  
  21  2:42  Bunker  
  21  2:47  Barracks Tech Lab, Stimpack  
  21  2:48  Marine  
  22  3:04  SCV  
  22  3:05  Combat Shield  
  23  3:06  Marine  
  24  3:19  Marine, Supply Depot  
  25  3:28  Marine  
  25  3:33  Engineering Bay  
  26  3:34  SCV, Supply Depot  
  26  3:41  Orbital Command  
  27  3:46  Barracks  
  27  3:48  Refinery  
  27  3:54  Marauder  
  29  3:59  Marauder  
  31  4:06  SCV  
  32  4:12  SCV  
  32  4:14  Terran Infantry Armor Level 1  
  32  4:16  Marauder  
  35  4:32  SCV  
  35  4:33  SCV  
  35  4:36  Barracks Reactor  
  37  4:39  Factory  
  37  4:45  SCV x2  
  39  4:48  Marine x2  
  41  4:54  Concussive Shells  
  41  4:58  SCV x2  
  47  5:07  Marauder x2  
  47  5:10  SCV  
  47  5:11  SCV  
  47  5:13  Refinery  
  49  5:15  Refinery  
  49  5:22  Marine x2  
  49  5:23  SCV x2  
  49  5:28  Factory Reactor, Starport  
  53  5:35  SCV  
  53  5:36  SCV  
  55  5:48  SCV x2  
  55  5:49  Marine x3  
  60  5:50  Marine  
  60  5:53  Supply Depot  
  61  6:03  SCV x2  
  63  6:08  Terran Infantry Weapons Level 1  
  63  6:15  SCV x2  
  63  6:16  Medivac x2  
  69  6:32  Missile Turret  
  69  6:36  Missile Turret  
  69  6:38  Missile Turret  
  69  6:40  SCV  
  69  6:41  Marine x2, Marauder x2, SCV  
  69  6:44  Missile Turret  
  77  6:49  Supply Depot  
  77  6:53  Supply Depot  
  77  6:56  SCV  
  77  7:01  Supply Depot  
  78  7:10  Marine x2, Medivac x2  
  78  7:11  Marauder  
  78  7:14  SCV x2  
  78  7:15  Marauder  
  90  7:24  Supply Depot  
  90  7:29  Armory, Marine  
  90  7:30  Marine  
  90  7:31  Marine  
  93  7:40  Medivac x2  
  97  7:48  Marine x3  
  100  7:53  Supply Depot  
  100  7:56  Supply Depot x2  
  100  7:58  Supply Depot  
  100  8:00  Missile Turret  
  100  8:03  Supply Depot  
  100  8:28  Marine x2, Marauder x2  
  100  8:29  Medivac x2  
  110  8:37  Supply Depot  
  110  8:40  Supply Depot  
  110  8:46  Marine x2  
  112  8:49  Marine x2  
  112  8:55  Command Center  
  114  8:59  Medivac x2  
  118  9:04  Marine x2  
  118  9:07  Marine x2  
  122  9:21  Marine  
  122  9:22  Marine  
  124  9:25  Marauder x2  
  128  9:34  Medivac x2  
  132  9:39  Marine x2  
  134  9:47  Marauder x2  
  134  9:50  Supply Depot x2  
  138  9:57  Marine x2  
  140  10:08  Marine, Marauder  
  135  10:15  Marine x2  
  137  10:25  Marine  
  138  10:29  Marine  
  138  10:33  Marine x2  
  141  10:43  Marine  
  141  10:47  Marine  
  130  10:50  Marine  
  130  10:51  Marine  
  132  11:00  Orbital Command  
  132  11:01  Marine  
  133  11:04  Marine  
  133  11:06  Terran Infantry Weapons Level 2  
  133  11:08  Marine x2  
  136  11:15  Medivac x2  
  140  11:19  Marine, Supply Depot  
  140  11:22  Marine  
  140  11:23  Supply Depot  
  140  11:24  Refinery x2  
  142  11:26  Marine x2  
  144  11:37  Marine, Barracks  
  144  11:38  Barracks  
  145  11:40  Marine  
  145  11:41  Barracks  
  145  11:44  Marine x2  
  145  11:45  Command Center  
  148  11:54  Marine  
  148  11:58  Marine  
  148  12:00  Liberator x2  
  150  12:02  Marine x2  
  152  12:12  Marine  
  153  12:16  Marine  
  153  12:20  Marine x2  
  153  12:21  Terran Vehicle And Ship Armor Level 1  
  162  12:26  SCV x3  
  165  12:30  Marine  
  165  12:33  Barracks Reactor x2  
  165  12:34  Marine, Barracks Tech Lab  
  167  12:37  Marine  
  167  12:38  Marine  
  169  12:47  Missile Turret  
  169  12:48  Marine, Missile Turret  
  170  12:52  Missile Turret  
  170  13:00  Planetary Fortress  
  170  13:22  Terran Infantry Armor Level 2  
  113  13:41  Marine  
  113  13:42  Marine x8  
  87  13:59  Marine x5, Medivac x2  
  87  14:00  Marine x4  
  90  14:17  Marine x7, Missile Turret  
  90  14:18  Marine x2  
  99  14:28  Refinery  
  99  14:29  Medivac x2  
  105  14:31  Widow Mine  
  105  14:32  Refinery  
  105  14:34  Marine  
  105  14:35  Marine x8  
  105  14:37  Missile Turret  
  114  14:52  Marine  
  114  14:53  Marine x5  
  125  15:00  Widow Mine  
  122  15:09  Marauder x3  
  122  15:10  Marine  
  122  15:11  Marine x5  
  134  15:28  Marine x2  
  135  15:29  Marine x3  
  135  15:30  Marauder x3  
  135  15:31  Marine  
  146  15:46  Marine x5, Factory Tech Lab  
  146  15:49  Marine  
  152  15:52  Marauder x3  
  158  16:00  SCV x2  
  158  16:01  SCV x2  
  162  16:08  Marine x5  
  162  16:09  Marine  
  162  16:11  Siege Tank  
  171  16:13  Marauder x3  
  177  16:20  Factory  
  177  16:39  Marauder x3  
  183  16:40  Marine x3  
  183  16:41  Marine x3  
  183  16:43  Siege Tank  
Show
View Real Time Build Order
Export as new Build Order

zidar Zerg - Winner!

Build Orders: Pool First, Muta Ling Bane 

Get SALT Encoding   

  12  0:02  Drone  
  13  0:12  Overlord  
  13  0:16  Drone  
  14  0:31  Drone x2  
  16  0:43  Spawning Pool  
  16  0:46  Drone  
  16  1:13  Hatchery  
  16  1:17  Drone  
  16  1:19  Extractor  
  16  1:20  Drone  
  16  1:36  Queen  
  16  1:38  Zergling x2  
  19  1:40  Zergling x2  
  19  1:48  Drone  
  19  1:53  Overlord  
  20  2:16  Queen  
  20  2:19  Metabolic Boost  
  22  2:25  Drone x2  
  22  2:26  Drone  
  25  2:32  Drone  
  25  3:03  Queen  
  27  3:08  Drone x6  
  27  3:10  Overlord  
  33  3:26  Overlord  
  33  3:36  Baneling Nest  
  33  3:38  Overlord  
  33  3:39  Overlord  
  32  3:43  Drone x4  
  36  3:57  Drone x6  
  42  4:43  Lair  
  42  4:45  Hatchery  
  41  4:47  Extractor  
  40  4:56  Extractor  
  40  4:58  Extractor  
  38  5:05  Drone x9  
  38  5:06  Drone x2  
  49  5:30  Evolution Chamber  
  49  5:32  Evolution Chamber  
  47  5:52  Spire, Drone x8  
  54  5:57  Zerg Missile Weapons Level 1  
  54  5:59  Zerg Melee Weapons Level 1  
  54  6:12  Drone x6  
  54  6:16  Extractor  
  54  6:18  Queen  
  59  6:19  Extractor  
  59  6:24  Centrifical Hooks  
  61  6:32  Zergling x2  
  61  6:33  Zergling x10  
  61  6:36  Baneling  
  66  6:48  Overlord x7  
  66  6:52  Baneling x6  
  66  7:03  Pneumatized Carapace  
  66  7:12  Drone x9  
  66  7:13  Drone x2  
  77  7:21  Overlord x2  
  77  7:22  Overlord  
  77  7:30  Zerg Flyer Weapons Level 1  
  77  7:38  Infestation Pit  
  76  7:49  Zergling x20  
  86  8:03  Zergling x2  
  86  8:04  Zergling x10  
  92  8:18  Baneling x9  
  92  8:21  Mutalisk x3  
  92  8:22  Mutalisk x3  
  92  8:23  Mutalisk x2  
  108  8:27  Baneling  
  108  8:28  Baneling x12  
  108  8:30  Zergling x10  
  113  8:56  Overlord x2  
  113  8:57  Overlord  
  113  9:14  Zergling x28  
  113  9:15  Zergling x4  
  125  9:30  Zergling x6  
  125  9:31  Zergling x4  
  125  9:36  Hive  
  125  9:41  Zergling x4  
  125  9:42  Zergling x10  
  125  9:44  Baneling x18  
  132  9:52  Queen  
  132  10:20  Zergling x26  
  143  10:26  Spire  
  121  11:04  Ultralisk Cavern  
  121  11:10  Infestation Pit  
  119  11:14  Spawning Pool  
  118  11:20  Evolution Chamber  
  118  11:24  Evolution Chamber  
  116  11:43  Mutalisk  
  116  11:44  Mutalisk x3  
  116  11:45  Mutalisk x4, Hatchery  
  131  11:47  Mutalisk  
  131  11:48  Mutalisk x3  
  131  11:49  Mutalisk  
  131  11:53  Baneling x12  
  131  11:54  Baneling x5  
  141  11:56  Baneling  
  141  12:08  Zergling x10  
  146  12:37  Chitinous Plating  
  146  12:38  Adrenal Glands  
  146  12:41  Zerg Ground Armor Level 1  
  146  12:54  Overlord x3  
  146  12:55  Overlord  
  146  12:58  Pathogen Glands  
  146  13:15  Drone  
  146  13:16  Drone x8  
  146  13:17  Drone x3  
  158  13:31  Baneling x7  
  158  13:32  Baneling x10  
  118  14:09  Ultralisk  
  130  14:10  Ultralisk x3  
  130  14:11  Ultralisk x2  
  154  14:34  Infestor x2  
  154  14:35  Extractor, Infestor x2, Zerg Melee Weapons Level 2  
  154  14:36  Infestor  
  163  14:41  Zergling x2  
  163  14:42  Zergling x38  
  183  14:49  Zerg Ground Armor Level 2  
  183  14:59  Overseer  
  183  15:03  Baneling  
  183  15:04  Baneling x6  
  183  15:05  Baneling  
  183  15:19  Baneling x5  
  183  15:20  Baneling x2  
  183  15:26  Overlord  
  183  15:27  Overlord x4  
  183  16:06  Hatchery  
  182  16:15  Corruptor x2  
  182  16:16  Corruptor x4  
  182  16:17  Hatchery, Corruptor x3  
Tags
 
Composition
Muta Ling Bane
League
Gold
Matchup
TvZ
Opening
Pool First
Spawn Locations
Cross Positions
Add a new tag
Caveats
  • Supply blocks, unpowered buildings, or Contaminate may cause inaccurate times.
  • Supply counts are checked every 10 seconds.